 Dungeon Crawl Stone Soup version 0.16-a0-3940-gf8a207b (console) character file.

0 MarvinPA the Charmwright (level 1, -1/16 HPs)
             Began as a Mummy Skald on Feb 7, 2015.
             Slain by a hobgoblin (2 damage)
             ... on level 1 of the Dungeon.
             The game lasted 00:00:34 (40 turns).

MarvinPA the Charmwright (Mummy Skald)                Turns: 40, Time: 00:00:34

Health: -1/16      AC:  3    Str: 15    XL:     1   Next: 0%
Magic:  3/3        EV: 11    Int: 11    God:
Gold:   0          SH:  0    Dex: 11    Spells: 1 memorised, 3 levels left

rFire  x . .     SeeInvis .     a - +0 mace
rCold  + . .     Clarity  .     b - +0 leather armour
rNeg   + + +     SustAb   .     (no shield)
rPois  ∞         Gourm    .     (no helmet)
rElec  .         Spirit   .     (no cloak)
rCorr  .         Warding  .     (no gloves)
rMut   .         Stasis   .     (no boots)
MR     .....                    (no amulet)
Stlth  +.........               (no ring)
                                (no ring)

@: very slightly contaminated, not resistant to hostile enchantments, very
unstealthy
A: no food or potions, fire vulnerability, restore body, cold resistance 1,
negative energy resistance 3, poison resistance, torment resistance, unbreathing
a: no special abilities


You were on level 1 of the Dungeon.
You were not hungry.

You visited 1 branch of the dungeon, and saw 1 of its levels.


Innate Abilities, Weirdness & Mutations

You do not eat or drink.
Your flesh is vulnerable to fire.
Your flesh is cold resistant.
You are immune to negative energy.
Your system is resistant to poisons.
You are immune to unholy pain and torment.
You can survive without breathing.


   Skills:
 - Level 2.0 Fighting
 + Level 1.5 Maces & Flails
 - Level 0.7 Armour
 - Level 0.7 Dodging
 - Level 2.0 Spellcasting
 - Level 2.4 Charms


You had 3 spell levels left.
You knew the following spells:

 Your Spells              Type           Power        Failure   Level  Hunger
z - Infusion              Chrm           #.....       17%         1    N/A

Inventory:

Hand weapons
 a - a +0 mace (weapon)
Armour
 b - a +0 leather armour (worn)
Books
 c - a book of Battle

Dungeon Overview and Level Annotations

Branches:
Dungeon (1/15)

Altars:

#......#.........###
#........#######...# .#
#........#..†..#...###...
#........#†≈≈X.#..........
#......<.#.≈≈≈.#..........
#........#.≈≈≈.#..........
#........#.....#...........
######...#######....(......
#.......Mgl.#.........
##.......l.##........
############........
#........ #....... #......
######


You could see 2 giant geckos, a hobgoblin and a neutral kraken.


Message History

The hobgoblin shouts!
A giant gecko comes into view.
You miscast Infusion.
You are very lightly contaminated with residual magic.
Waves of light ripple over your body.
A giant gecko comes into view.
You barely miss the hobgoblin.
The hobgoblin hits you but does no damage.
You closely miss the hobgoblin. The hobgoblin hits you.
You closely miss the hobgoblin. The hobgoblin hits you.
The hobgoblin barely misses you. The giant gecko bites you.
* * * LOW HITPOINT WARNING * * *
You closely miss the giant gecko.
The giant gecko bites you but does no damage.
The giant gecko bites you.
* * * LOW HITPOINT WARNING * * *
You closely miss the giant gecko.
The giant gecko bites you but does no damage.
The giant gecko closely misses you. The hobgoblin closely misses you.
You completely miss the giant gecko. The hobgoblin barely misses you.
The giant gecko bites you but does no damage.
The hobgoblin hits you.
* * * LOW HITPOINT WARNING * * *
The giant gecko misses you.
You miss the giant gecko.
The giant gecko bites you but does no damage.
The hobgoblin hits you.
You die...

Action                   || total
-------------------------++-------
Melee: Mace              ||     7

Vault maps used:
D:1:      nicolae_arrival_kraken_aquarium_a

Notes
Turn   | Place    | Note
--------------------------------------------------------------
     0 | D:1      | MarvinPA, the Mummy Skald, began the quest for the Orb.
     0 | D:1      | Reached XP level 1. HP: 16/16 MP: 3/3
     0 | D:1      | Noticed a formicid
     0 | D:1      | Noticed a formicid
     0 | D:1      | Noticed a formicid
     0 | D:1      | Noticed an ogre
     0 | D:1      | Noticed a draconian
     0 | D:1      | Noticed a vine stalker
     0 | D:1      | Noticed a vampire
     0 | D:1      | Noticed a kraken
     0 | D:1      | Noticed a vampire
     0 | D:1      | Noticed an ogre
     5 | D:1      | Killed a formicid
     6 | D:1      | Killed an ogre
     7 | D:1      | Killed a draconian
     7 | D:1      | Killed a vine stalker
     8 | D:1      | Killed a formicid
     9 | D:1      | Killed a formicid
    10 | D:1      | Killed a vampire
    10 | D:1      | Killed an ogre
    12 | D:1      | Killed a vampire
    39 | D:1      | HP: 1/16 [hobgoblin (1)]
    40 | D:1      | Slain by a hobgoblin

Vanquished Creatures (others)
  A draconian (D:1)
  A vine stalker (D:1)
  3 formicids (D:1)
  2 vampires (D:1)
  2 ogres (D:1)
  2 mummies (D:1)
  An orc (D:1)
  4 tentacles (D:1)
  15 tentacle segments (D:1)
31 creatures vanquished.
